 Dungeon Crawl Stone Soup version 0.18.1-6-gd335043 (webtiles) character file.

309 deorigin the Basher (level 6, -5/93 HPs)
             Began as an Ogre Berserker on May 18, 2016.
             Was a Priest of Trog.
             Slain by an orc
             ... wielding a cursed +0 mace
              (11 damage)
             ... on level 4 of the Dungeon.
             The game lasted 00:07:40 (2969 turns).

deorigin the Basher (Ogre Berserker)                Turns: 2969, Time: 00:07:40

Health: -5/93      AC:  3    Str: 28    XL:     6   Next: 41%
Magic:  6/6        EV: 10    Int:  6    God:    Trog [***...]
Gold:   132        SH:  0    Dex: 11    Spells: 0 memorised, 5 levels left

rFire  . . .     SeeInvis .     w - +0 whip (drain)
rCold  . . .     Gourm    .     b - +0 animal skin
rNeg   . . .     Faith    .     (no shield)
rPois  .         Spirit   .     (helmet restricted)
rElec  .         Dismiss  .     (no cloak)
rCorr  .         Reflect  .     (gloves unavailable)
SustAt .         Harm     .     (boots unavailable)
MR     .....                    (no amulet)
Stlth  ..........               (no ring)
                                (no ring)

@: berserking, very quick, not resistant to hostile enchantments, extremely
unstealthy
A: unfitting armour, tough skin 1
a: Berserk, Trog's Hand, Burn Spellbooks, Renounce Religion


You were on level 4 of the Dungeon.
You worshipped Trog.
Trog was most pleased with you.
You were not hungry.

You visited 1 branch of the dungeon, and saw 4 of its levels.

You collected 132 gold pieces.

Inventory:

Hand Weapons
 a - a +0 mace
 w - a +0 whip of draining (weapon)
Missiles
 j - 6 tomahawks (quivered)
 v - 17 poisoned needles
Armour
 b - a +0 animal skin (worn)
Jewellery
 s - an uncursed amulet of faith {unknown}
Wands
 u - a wand of acid (5/15)
Scrolls
 e - 4 scrolls of identify {unknown}
 f - 2 scrolls of fear {unknown}
 h - a scroll of fog {unknown}
 l - a scroll of immolation {unknown}
 m - a scroll of magic mapping {unknown}
 n - 2 scrolls of teleportation {unknown}
 o - a scroll of noise {unknown}
 q - 3 scrolls of remove curse {unknown}
 t - a scroll of recharging {unknown}
 y - a scroll of random uselessness {unknown}
Potions
 d - a potion of brilliance {unknown}
 g - a potion of haste {unknown}
 i - a potion of flight {unknown}
 p - 2 potions of curing {unknown}
 r - 2 potions of berserk rage {unknown}
 z - 2 potions of might {unknown}
 A - a potion of ambrosia {unknown}
 B - a potion of lignification {unknown}
Comestibles
 c - 3 bread rations
 k - 2 meat rations


   Skills:
 - Level 4.0 Fighting
 + Level 9.2 Maces & Flails
 - Level 2.6 Dodging


You had 5 spell levels left.
You didn't know any spells.

Dungeon Overview and Level Annotations

Branches:
Dungeon (4/15)
 Temple: D:4-7

Altars:


Innate Abilities, Weirdness & Mutations

You are too large for most types of armour.
You have tough skin (AC +1).


Message History

You drain the orc priest!
The orc priest is lightly wounded.
The orc priest mumbles some strange prayers to Beogh against you.
Beogh smites you!
* * * LOW HITPOINT WARNING * * *
The orc hits you with a mace!
* * * LOW HITPOINT WARNING * * *
A red film seems to cover your vision as you go berserk!
You feel yourself moving faster!
You feel mighty!
You feel somewhat more hungry. The orc priest barely misses you.
The orc hits you with a mace.
* * * LOW HITPOINT WARNING * * *
The orc hits you but does no damage.
You whack the orc priest!
The orc priest is severely wounded.
You whack the orc priest!
You kill the orc priest!
Trog accepts your kill. The orc hits you with a mace!
You die...

#...# #........#
#...# #........#
#...# #........#
#...# #....../.#
#...# #........#
#<..# #........#
#...# #.)oo....#
#...# #..@.....#
+...#
#........#######..#
#........#...###..##
#........#.....#....
#........#.....'....
#........#.....#....
#........#.....#....
#........#...###...#
#........#...###...#


You could see 2 orcs.

Vanquished Creatures
  A giant frog (D:3)
  An orc priest (D:4)
  Natasha (D:2)
  2 worker ants
  5 adders
  2 oozes (D:3)
  A worm (D:2)
  A dart slug (D:2)
  4 giant geckos
  3 orcs
  3 ball pythons (D:2)
  5 bats
  3 giant cockroaches
  2 goblins
  7 hobgoblins
  15 jackals
  7 kobolds
  3 quokkas
  3 giant newts
  10 rats
79 creatures vanquished.

Notes
Turn   | Place    | Note
--------------------------------------------------------------
     0 | D:1      | deorigin the Ogre Berserker began the quest for the Orb.
     0 | D:1      | Reached XP level 1. HP: 24/24 MP: 1/1
   299 | D:1      | Reached XP level 2. HP: 19/32 MP: 2/2
   366 | D:1      | Reached skill level 5 in Maces & Flails
   555 | D:1      | Reached XP level 3. HP: 28/39 MP: 3/3
   694 | D:1      | Reached ** piety under Trog
   790 | D:1      | Reached skill level 6 in Maces & Flails
   977 | D:2      | Reached XP level 4. HP: 32/48 MP: 4/4
  1640 | D:2      | Noticed Natasha
  1647 | D:2      | Killed Natasha
  1647 | D:2      | Reached skill level 7 in Maces & Flails
  1699 | D:2      | Reached XP level 5. HP: 31/54 MP: 5/5
  2126 | D:3      | Found a faded altar to an unknown god.
  2300 | D:3      | Reached *** piety under Trog
  2387 | D:3      | Reached skill level 8 in Maces & Flails
  2590 | D:3      | Reached XP level 6. HP: 58/62 MP: 6/6
  2938 | D:4      | Reached skill level 9 in Maces & Flails
  2969 | D:4      | Slain by an orc

Skill      XL: |  1  2  3  4  5  6 |
---------------+-------------------+-----
Maces & Flails | 5 6 7 8 9 |  9.2
Fighting       | |  4.0
Dodging        | |  2.6

Action                   |  1- 3 |  4- 6 || total
-------------------------+-------+-------++-------
Melee: Mace              |   124 |    98 ||   222
       Whip              |       |    84 ||    84
Invok: Berserk           |       |     1 ||     1
 Stab: Sleeping          |     1 |       ||     1
  Eat: Chunk             |       |     7 ||     7
Armor: Animal skin       |    65 |    42 ||   107
Dodge: Dodged            |    86 |    71 ||   157
